 Dungeon Crawl Stone Soup version 0.17-a0-1519-g2001520 (webtiles) character file.

75 mrath the Chiller (level 4, -3/30 HPs)
             Began as a Mummy Ice Elementalist on July 13, 2015.
             Slain by a gnoll
             ... wielding a +0 spear
              (9 damage)
             ... on level 3 of the Dungeon on July 14, 2015.
             The game lasted 00:19:45 (2140 turns).

mrath the Chiller (Mummy Ice Elementalist)          Turns: 2140, Time: 00:19:45

Health: -3/30      AC:  2    Str: 11    XL:     4   Next: 11%
Magic:  0/8        EV:  6    Int: 15    God:
Gold:   105        SH:  0    Dex: 12    Spells: 3 memorised, 2 levels left

rFire  x . .     SeeInvis .     e - +0 spear
rCold  + . .     Clarity  .     a - +0 robe
rNeg   + + +     SustAt   .     (no shield)
rPois  ∞         Gourm    .     (no helmet)
rElec  .         Spirit   .     (no cloak)
rCorr  .         Warding  .     (no gloves)
rMut   .         Stasis   .     (no boots)
MR     .....                    (no amulet)
Stlth  ++........               (no ring)
                                (no ring)

@: held, not resistant to hostile enchantments, unstealthy
A: no food or potions, fire vulnerability, cold resistance 1, negative energy
resistance 3, torment resistance, unbreathing
a: no special abilities


You were on level 3 of the Dungeon.
You were not hungry.

You visited 1 branch of the dungeon, and saw 3 of its levels.

You collected 105 gold pieces.

Inventory:

Hand weapons
 e - a +0 spear (weapon)
 g - a +0 dagger
 h - a +0 hunting sling
Missiles
 c - 53 stones (quivered)
 j - 10 sling bullets of frost
Armour
 a - a +0 robe (worn)
Jewellery
 d - an uncursed amulet of the gourmand
Scrolls
 f - a scroll of enchant armour {unknown}
 i - 3 scrolls of identify
 k - a scroll of noise {unknown}
 l - a scroll of teleportation {unknown}
Books
 b - a book of Frost

   Spells                             Type                      Level
   a - Freeze                         Ice                          1
   b - Throw Frost                    Conjuration/Ice              2
   c - Ozocubu's Armour               Charms/Ice                   3
   d - Throw Icicle                   Conjuration/Ice              4
   e - Summon Ice Beast               Ice/Summoning                4
   f - Condensation Shield            Ice                          4


   Skills:
 + Level 2.1 Dodging
 + Level 2.3 Stealth
 * Level 2.8 Spellcasting
 - Level 0.7 Conjurations
 + Level 2.8 Ice Magic


You had 2 spell levels left.
You knew the following spells:

 Your Spells              Type           Power        Failure   Level  Hunger
a - Freeze                Ice            ##..         8%          1    N/A
b - Throw Frost           Conj/Ice       #.....       17%         2    N/A
c - Ozocubu's Armour      Chrm/Ice       #.......     34%         3    N/A

Dungeon Overview and Level Annotations

Branches:
Dungeon (3/15)

Altars:
Qazlal


Innate Abilities, Weirdness & Mutations

You do not eat or drink.
Your flesh is vulnerable to fire.
You are immune to poison.
Your flesh is cold resistant.
You are immune to negative energy.
You are immune to unholy pain and torment.
You can survive without breathing.


Message History

Aim: a gnoll (heavily wounded)
The puff of frost hits the gnoll.
The gnoll is severely wounded.
You struggle against the net.
The gnoll hits you.
The gnoll hits you from afar with a spear!
Casting: Throw Frost
Confirm with . or Enter, or press ? or * to list all spells.
Aiming: Freeze
Press: ? - help, Shift-Dir - straight line, f/p - gnoll
Aim: a gnoll (severely wounded)
You freeze the gnoll.
The gnoll is severely wounded.
The gnoll hits you. The gnoll barely misses you.
Casting: Freeze
Confirm with . or Enter, or press ? or * to list all spells.
You don't have enough magic to cast that spell.
You try to slip out of the net.
The gnoll hits you!
* * * LOW HITPOINT WARNING * * *
The gnoll hits you from afar with a spear!
You die...

### ##.## #...#
#...# ######
#...###..<.#
#(...##...%#
###..gg@.....#
#.....##.....#
#.#..........# #
#....#.....#
#.).##.....#
.......)(......#..
####...((##.##.....
#..(##..........
....(. .( ..


You could see 2 gnolls.

Vanquished Creatures
  An adder (D:2)
  A gnoll (D:3)
  An ooze (D:1)
  2 worms
  3 bats (D:1)
  2 giant cockroaches (D:1)
  5 hobgoblins
  4 jackals (D:2)
  4 kobolds
  2 quokkas (D:2)
  A giant gecko (D:1)
  5 giant newts
  10 goblins
  6 rats
47 creatures vanquished.

Notes
Turn   | Place    | Note
--------------------------------------------------------------
     0 | D:1      | mrath the Mummy Ice Elementalist began the quest for the Orb.
     0 | D:1      | Reached XP level 1. HP: 13/13 MP: 3/3
   217 | D:1      | Reached XP level 2. HP: 5/19 MP: 0/5
   452 | D:1      | Learned a level 2 spell: Throw Frost
  1270 | D:1      | Reached XP level 3. HP: 24/24 MP: 2/6
  1320 | D:1      | Learned a level 3 spell: Ozocubu's Armour
  1994 | D:2      | Found a stormy altar of Qazlal.
  2117 | D:3      | Reached XP level 4. HP: 21/30 MP: 5/8
  2140 | D:3      | Slain by a gnoll

Vault maps used:
D:1:      lemuel_arrival_river_bridge
D:2:      nicolae_overflow_hidden_temple
D:3:      first_bread, st_stairs_7, minivault_4

Action                   |  1- 3 |  4- 6 || total
-------------------------+-------+-------++-------
Melee: Unarmed           |    20 |       ||    20
       Spear             |    59 |     1 ||    60
 Fire: Hunting sling     |    32 |     8 ||    40
 Cast: Freeze            |    35 |     2 ||    37
       Throw Frost       |     9 |     3 ||    12
  Use: Scroll            |     1 |       ||     1
